[Event "ESP-chT Honor Division 2022"]
[Site "Linares"]
[Date "2022.09.18"]
[Round "2.18"]
[White "Llorente Zaro, Alfonso"]
[Black "Cano Sevilla, Ivan"]
[Result "1-0"]
[ECO "B31"]
[WhiteElo "2448"]
[BlackElo "2076"]
[Annotator "ChessBase"]
[PlyCount "109"]
[EventDate "2022.09.17"]
[EventType "team-tourn"]
[EventCountry "ESP"]
[SourceTitle "playchess.com"]
[Source "ChessBase"]
[SourceQuality "1"]
[TimeControl "5400+30"]

1. e4 c5 2. Nf3 Nc6 3. Bb5 g6 4. c3 e5 5. O-O Bg7 6. d4 exd4 7. cxd4 cxd4 8. Bf4 Nge7 9. Bd6 O-O 10. Nbd2 Re8 11. Rc1 Qb6 12. Bc4 Na5 13. Bc7 Nxc4 14. Bxb6 Nxb6 15. Nc4 Nxc4 16. Rxc4 Nc6 17. Re1 d6 18. Nxd4 Nxd4 19. Rxd4 Bxd4 20. Qxd4 Be6 21. b3 Red8 22. h4 d5 23. h5 dxe4 24. Qf6 gxh5 25. Rxe4 Rd1+ 26. Kh2 Rad8 27. Re5 R8d5 28. Qg5+ Kh8 29. Qxh5 Rxe5 30. Qxe5+ Kg8 31. Qb8+ Kg7 32. Qxb7 Rd7 33. Qb4 Rd5 34. Qc3+ Kf8 35. Qh8+ Ke7 36. Qxh7 a5 37. Qh4+ Kd7 38. Qf4 Rf5 39. Qb8 Ke7 40. f3 Rd5 41. Kg3 Kf6 42. Kh4 Kg7 43. g4 f6 44. Qc7+ Bf7 45. Qc3 Kg6 46. a4 Re5 47. Kg3 Rd5 48. b4 axb4 49. Qxb4 Kg7 50. a5 Rd3 51. Qb5 Rb3 52. Qc5 Rd3 53. Kf2 Rd2+ 54. Ke3 Ra2 55. Qc3 1-0

[Event "ESP-chT Honor Division 2022"]
[Site "Linares"]
[Date "2022.09.18"]
[Round "2.19"]
[White "Eljanov, Pavel"]
[Black "Harikrishna, Pentala"]
[Result "1/2-1/2"]
[ECO "C50"]
[WhiteElo "2695"]
[BlackElo "2716"]
[Annotator "ChessBase"]
[PlyCount "86"]
[EventDate "2022.09.17"]
[EventType "team-tourn"]
[EventCountry "ESP"]
[SourceTitle "playchess.com"]
[Source "ChessBase"]
[SourceQuality "1"]
[TimeControl "5400+30"]

1. e4 e5 2. Nf3 Nc6 3. Bc4 Bc5 4. d3 Nf6 5. Nc3 d6 6. Na4 Bb6 7. Nxb6 axb6 8. c3 O-O 9. O-O Bg4 10. Bb3 h6 11. h3 Be6 12. Bc2 d5 13. Qe2 b5 14. Rd1 d4 15. a4 Qe7 16. Bd2 bxa4 17. Rxa4 b5 18. Raa1 Nd7 19. Qe1 Rfb8 20. cxd4 exd4 21. b4 Qf8 22. Rab1 Ra2 23. Bb3 Bxb3 24. Rxb3 Qd6 25. Ra1 Rba8 26. Rxa2 Rxa2 27. Qb1 Ra4 28. Qc1 Nde5 29. Nxe5 Nxe5 30. Bf4 Qe6 31. Qd1 Nc6 32. Bxc7 Nxb4 33. Kh2 Qd7 34. Bf4 Na2 35. Be5 f6 36. Bf4 Nc3 37. Qh5 Qf7 38. Qxf7+ Kxf7 39. Bd6 Ra1 40. Bc5 Rd1 41. Bxd4 Nxe4 42. dxe4 Rxd4 43. Rxb5 Rxe4 1/2-1/2

[Event "ESP-chT Honor Division 2022"]
[Site "Linares"]
[Date "2022.09.18"]
[Round "2.20"]
[White "Gukesh D"]
[Black "Jones, Gawain C B"]
[Result "1-0"]
[ECO "D94"]
[WhiteElo "2726"]
[BlackElo "2623"]
[Annotator "ChessBase"]
[PlyCount "59"]
[EventDate "2022.09.17"]
[EventType "team-tourn"]
[EventCountry "ESP"]
[SourceTitle "playchess.com"]
[Source "ChessBase"]
[SourceQuality "1"]
[TimeControl "5400+30"]

1. d4 Nf6 2. c4 g6 3. Nc3 d5 4. Nf3 Bg7 5. e3 O-O 6. cxd5 Nxd5 7. Bc4 Nxc3 8. bxc3 c5 9. O-O Qc7 10. Qe2 Nc6 11. Ba3 b6 12. Rac1 Bb7 13. e4 Na5 14. Bd3 Bh6 15. Rb1 Rac8 16. d5 e6 17. c4 Rce8 18. Qc2 f5 19. Rfe1 fxe4 20. Bxe4 exd5 21. cxd5 Bc8 22. d6 Qxd6 23. Rbd1 Qc7 24. Bd5+ Kh8 25. Bb2+ Bg7 26. Ng5 Bf5 27. Qc3 Rxe1+ 28. Rxe1 h6 29. Qxg7+ Qxg7 30. Re7 1-0

[Event "ESP-chT Honor Division 2022"]
[Site "Linares"]
[Date "2022.09.18"]
[Round "2.21"]
[White "Del Rio De Angelis, Salvador G."]
[Black "Santos Ruiz, Miguel"]
[Result "1/2-1/2"]
[ECO "E48"]
[WhiteElo "2456"]
[BlackElo "2581"]
[Annotator "ChessBase"]
[PlyCount "49"]
[EventDate "2022.09.17"]
[EventType "team-tourn"]
[EventCountry "ESP"]
[SourceTitle "playchess.com"]
[Source "ChessBase"]
[SourceQuality "1"]
[TimeControl "5400+30"]

1. d4 Nf6 2. c4 e6 3. Nc3 Bb4 4. e3 O-O 5. Bd3 d5 6. cxd5 exd5 7. Nge2 Re8 8. O-O Bd6 9. Qc2 c6 10. Bd2 a5 11. a3 Na6 12. h3 Bd7 13. Rad1 h6 14. Bc1 b5 15. e4 dxe4 16. Nxe4 Nxe4 17. Bxe4 Qh4 18. Bf3 Bxh3 19. gxh3 Rxe2 20. Bxe2 Qxh3 21. f4 Qg3+ 22. Kh1 Qh3+ 23. Kg1 Qg3+ 24. Kh1 Qh3+ 25. Kg1 1/2-1/2

[Event "ESP-chT Honor Division 2022"]
[Site "Linares"]
[Date "2022.09.18"]
[Round "2.22"]
[White "Muzychuk, Anna"]
[Black "Suarez Garcia, Carlos"]
[Result "1-0"]
[ECO "B06"]
[WhiteElo "2526"]
[BlackElo "2455"]
[Annotator "ChessBase"]
[PlyCount "91"]
[EventDate "2022.09.17"]
[EventType "team-tourn"]
[EventCountry "ESP"]
[SourceTitle "playchess.com"]
[Source "ChessBase"]
[SourceQuality "1"]
[TimeControl "5400+30"]

1. e4 g6 2. d4 Bg7 3. Nc3 d6 4. Be3 Nf6 5. Nf3 a6 6. Qd2 b5 7. Bh6 O-O 8. Bd3 Bb7 9. Bxg7 Kxg7 10. O-O-O b4 11. e5 bxc3 12. exf6+ exf6 13. Qxc3 Nd7 14. h4 h5 15. Nd2 Nb6 16. Be4 Bxe4 17. Nxe4 Rb8 18. b3 Re8 19. Rhe1 Nd5 20. Qf3 f5 21. Ng5 c6 22. Rxe8 Qxe8 23. c4 Nf6 24. Qc3 Qd8 25. d5 c5 26. Re1 Rb7 27. Re6 Rd7 28. Kc2 Rb7 29. Kd3 Rd7 30. f3 Rb7 31. Ke3 Rd7 32. Kf4 a5 33. g4 fxg4 34. fxg4 hxg4 35. h5 g3 36. h6+ Kxh6 37. Rxf6 g2 38. Nf3 Re7 39. Kg3 Re2 40. Kh2 Qe7 41. Rf4 g5 42. Qh8+ Kg6 43. Qg8+ Kh6 44. Qh8+ Kg6 45. Nh4+ gxh4 46. Rg4+ 1-0

[Event "ESP-chT Honor Division 2022"]
[Site "Linares"]
[Date "2022.09.18"]
[Round "2.23"]
[White "Trigo Urquijo, Sergio"]
[Black "Korneev, Oleg"]
[Result "1/2-1/2"]
[ECO "A06"]
[WhiteElo "2402"]
[BlackElo "2460"]
[Annotator "ChessBase"]
[PlyCount "60"]
[EventDate "2022.09.17"]
[EventType "team-tourn"]
[EventCountry "ESP"]
[SourceTitle "playchess.com"]
[Source "ChessBase"]
[SourceQuality "1"]
[TimeControl "5400+30"]

1. Nf3 d5 2. g3 Bg4 3. Bg2 e6 4. O-O Nf6 5. h3 Bh5 6. c4 c6 7. d4 Be7 8. cxd5 Bxf3 9. Bxf3 cxd5 10. Nc3 Nc6 11. e3 O-O 12. Bd2 a6 13. Qe2 b5 14. Rfc1 Qb6 15. Qd3 Rfc8 16. Bg2 h6 17. Ne2 Rc7 18. Rc2 Rac8 19. Rac1 Nb4 20. Rxc7 Rxc7 21. Bxb4 Bxb4 22. Rc2 Rc4 23. b3 Rc6 24. Qd1 Ba3 25. Qd3 Qc7 26. Rxc6 Qxc6 27. Qc3 Qxc3 28. Nxc3 g5 29. Kf1 Kf8 30. Ke2 Ke7 1/2-1/2

[Event "ESP-chT Honor Division 2022"]
[Site "Linares"]
[Date "2022.09.18"]
[Round "2.24"]
[White "Tejedor Fuente, Enrique"]
[Black "Ambartsumova, Karina"]
[Result "1-0"]
[ECO "C67"]
[WhiteElo "2384"]
[BlackElo "2386"]
[Annotator "ChessBase"]
[PlyCount "115"]
[EventDate "2022.09.17"]
[EventType "team-tourn"]
[EventCountry "ESP"]
[SourceTitle "playchess.com"]
[Source "ChessBase"]
[SourceQuality "1"]
[TimeControl "5400+30"]

1. e4 e5 2. Nf3 Nc6 3. Bb5 Nf6 4. O-O Nxe4 5. Re1 Nd6 6. Nxe5 Be7 7. Bf1 Nxe5 8. Rxe5 O-O 9. Nc3 Ne8 10. Nd5 Bd6 11. Re1 c6 12. Ne3 Bc7 13. Nf5 d5 14. Ne7+ Kh8 15. Nxc8 Rxc8 16. d4 Nf6 17. Bd3 Qd6 18. g3 Rce8 19. Bf4 Rxe1+ 20. Qxe1 Qd8 21. Bxc7 Qxc7 22. Qb4 Re8 23. Re1 Rxe1+ 24. Qxe1 Kg8 25. Qb4 g6 26. Kg2 Kg7 27. Qe1 b6 28. Qe3 Qd6 29. c3 a5 30. a3 c5 31. Bb5 Ng8 32. g4 h6 33. h4 Ne7 34. f3 f6 35. Bd3 g5 36. h5 c4 37. Bb1 Kf7 38. f4 Qxf4 39. Qxf4 gxf4 40. Kf3 Ke6 41. Kxf4 Kf7 42. a4 Ke6 43. Bc2 Kf7 44. Bf5 Kg7 45. Be6 Kf8 46. Kf3 Ke8 47. Ke3 Kd8 48. Kf4 Kc7 49. g5 fxg5+ 50. Ke5 Kc6 51. Bg4 Kc7 52. Ke6 Kd8 53. Kf6 Nc6 54. Be6 b5 55. Bxd5 Nxd4 56. cxd4 c3 57. bxc3 bxa4 58. Kf5 1-0

[Event "ESP-chT Honor Division 2022"]
[Site "Linares"]
[Date "2022.09.19"]
[Round "3.1"]
[White "Harikrishna, Pentala"]
[Black "Shirov, Alexei"]
[Result "1/2-1/2"]
[ECO "C84"]
[WhiteElo "2716"]
[BlackElo "2673"]
[Annotator "TA"]
[PlyCount "132"]
[EventDate "2022.09.17"]
[EventType "team-tourn"]
[EventCountry "ESP"]
[SourceTitle "playchess.com"]
[Source "ChessBase"]
[SourceQuality "1"]
[TimeControl "5400+30"]

1. e4 e5 2. Nf3 Nc6 3. Bb5 a6 4. Ba4 Nf6 5. O-O Be7 6. d3 b5 7. Bb3 d6 8. a3 Be6 9. Bxe6 fxe6 10. Re1 O-O 11. Nbd2 {[%emt 0:02:18] BESTDEEP} Nd7 {[%emt 0:20:21] CPLX 2.0 3 (Qd8-e8) (=3). C88: Closed Ruy Lopez: Anti-Marshall Systems.} 12. c3 {[%emt 0:05:32] [#] BESTDEEP} Bg5 $146 {[%emt 0:05:58] CPLX 2.1 35 (Qd8-e8) (=19)} ({Predecessor:} 12... Bf6 13. Nf1 Qe8 14. a4 b4 15. a5 bxc3 16. bxc3 Rb8 17. Bd2 Rb5 18. Qc2 Qa8 {0-1 (33) Pogorelskikh,S (2233)-Gavrilov,A (2495) Voronezh 2017}) 13. b4 {[%emt 0:15:35] CPLX 2.5 18 (Nf3xg5) (=6)} Bf4 {[%emt 0:01:54] BESTDEEP. White is slightly better.} 14. Nb3 {[%emt 0:10:14] CPLX 2.5 9 (a3-a4) (=7)} Nb6 {[%emt 0:16:43] CPLX 2.6 42 (a6-a5) (=20)} 15. Qe2 {[%emt 0:09:48] CPLX 2.6} Bxc1 {[%emt 0:12:33] CPLX 2.6} 16. Rexc1 {[%emt 0:04:51] RECAPT} Ne7 {[%emt 0:00:20] BESTDEEP} 17. c4 {[%emt 0:02:05] BESTDEEP} Ng6 {[%emt 0:00:58] BESTDEEP} 18. g3 {[%emt 0:00:13] Prevents Nf4. CPLX 2.4} bxc4 {[%emt 0:06:28] CPLX 2.5} 19. dxc4 {[%emt 0:00:19] RECAPT} Nd7 {[%emt 0:00:03] CPLX 2.2 15 (Nb6-a4) (=11)} 20. c5 {[%emt 0:05:25] CPLX 2.1 13 (Rc1-d1) (=4)} Nf6 {[%emt 0:00:11] CPLX 2.5 24 (d6-d5) (=12)} 21. cxd6 {[%emt 0:00:55] CPLX 2.2} cxd6 {[%emt 0:00:04] RECAPT} 22. Nfd2 {[%emt 0:01:20] CPLX 2.1 16 (Rc1-c6) (=5)} Qb6 {[%emt 0:03:19] Inhibits Rc6. CPLX 2.1 43 (Qd8-d7) (=14)} 23. Rc3 {[%emt 0:03:18] CPLX 2.4 37 (Qe2-c4) (=7)} d5 {[%emt 0:07:37] CPLX 2.4 33 (Qb6-b5) (=15)} 24. Rac1 {[%emt 0:02:39] CPLX 2.7 4 (Rc3-c5) (=7)} (24. Rc5 {is more complex.} Nd7 25. exd5 Nxc5 26. bxc5 Qb5 27. Qxb5 axb5 28. d6) 24... Qb5 {[%emt 0:00:13] CPLX 2.7 3 (Rf8-e8) (=14)} 25. Qxb5 {[%emt 0:06:03] CPLX 2.8 45 (Qe2-e1) (=9)} axb5 {[%emt 0:00:03] RECAPT} 26. Nc5 {[%emt 0:00:17] CPLX 2.2 20 (Nb3-a5) (=10)} d4 {[%emt 0:01:06] CPLX 2.2 0 (Rf8-e8) (=12)} 27. Rb3 {[%emt 0:01:06] CPLX 2.3 14 (Rc3-c2) (=10)} Rfc8 {[%emt 0:00:07] CPLX 2.0} 28. Rd1 {[%emt 0:05:10] CPLX 2.1 11 (Rc1-a1) (=10)} Nf8 {[%emt 0:00:16] CPLX 2.1 12 (Kg8-f7) (=12)} 29. f4 {[%emt 0:01:09] CPLX 2.1} N6d7 {[%emt 0:06:33] [#] CPLX 2.3 49 (e5xf4) (=14)} (29... exf4 $11 {feels stronger.} 30. gxf4 Rd8) 30. Nxd7 $1 $16 {[%emt 0:00:41] White is more active. DEEPSTRONG} Nxd7 {[%emt 0:00:06] RECAPT} 31. Nf3 {[%emt 0:00:10] EASY} exf4 {[%emt 0:00:50] CPLX 2.2 33 (Ra8-a7) (=14)} 32. gxf4 {[%emt 0:01:22] RECAPT} Nf6 {[%emt 0:02:08] CPLX 2.2 15 (Rc8-f8) (=14)} 33. Nxd4 {[%emt 0:01:20] CPLX 2.3} Nxe4 {[%emt 0:00:23] CPLX 2.2} 34. Nxb5 {[%emt 0:01:10] CPLX 2.1} Rc2 {[%emt 0:02:08] CPLX 2.2 34 (Rc8-c6) (=14)} 35. Rbd3 {[%emt 0:03:08] CPLX 2.4 87 (Rb3-e3) (=11)} (35. Re3 $16 Nf6 36. Rxe6) 35... Ra2 $14 {[%emt 0:00:28] CPLX 2.4} 36. Rd4 {[%emt 0:03:43] BESTDEEP} Rb8 {[%emt 0:00:19] CPLX 2.7 18 (Ne4-f2) (=14)} 37. Rd8+ {[%emt 0:01:44] CPLX 2.9 15 (Rd4xe4) (=11)} Rxd8 {[%emt 0:00:06] EASY} 38. Rxd8+ {[%emt 0:00:03][%mdl 4096] Endgame KRN-KRN. RECAPT} Kf7 {[%emt 0:00:10] LEGAL} 39. Rd3 {[%emt 0:00:24] BESTDEEP} Kf6 {[%emt 0:01:04] CPLX 2.2 2 (h7-h5) (=12)} 40. Nc3 {[%emt 0:02:33] BESTDEEP} Nxc3 {[%emt 0:00:38] EASY} 41. Rxc3 {[%emt 0:00:04] KR-KR. RECAPT} Rb2 {[%emt 0:00:06] BESTDEEP} 42. Rc5 {[%emt 0:00:17] CPLX 2.1} Rb1+ {[%emt 0:00:13] [#] CPLX 2.1 15 (Rb2-b3) (=12)} 43. Kf2 $1 {[%emt 0:00:55] CPLX 2.0} Rb2+ {[%emt 0:00:02] CPLX 2.0} 44. Ke1 {[%emt 0:01:05] RELBLUND 68 (Kf2-e3) (=11)} ({Better is} 44. Ke3 $16) 44... Rxh2 {[%emt 0:00:05] CPLX 2.1 27 (Rb2-a2) (=12)} 45. a4 {[%emt 0:00:19][%cal Ba3a4,Ba4a5,Ba5a6][%mdl 32] aiming for b5. CPLX 2.0} h5 $2 {[%emt 0:01:25][%mdl 8192] RELBLUND 387 (Rh2-a2) (=23)} (45... Ra2 $1 $14) 46. a5 $18 {[%emt 0:00:46] Hoping for a6. CPLX 2.3=>BLUNDERREACT} Rb2 $2 {[%emt 0:01:25] EVAL 400 (Rh2-a2) (=33)} (46... Ra2 47. Rxh5 Ra4) 47. b5 {[%emt 0:00:27] EVAL} h4 {[%emt 0:00:13] EVAL} 48. Kf1 {[%emt 0:00:05] EVAL} h3 {[%emt 0:00:37] BEVAL 363 (Kf6-g6) (=41)} 49. Kg1 {[%emt 0:00:03] BEVAL} Ke7 {[%emt 0:00:18] BEVAL 400 (Rb2-b1) (=50)} 50. a6 {[%emt 0:01:48] BEVAL} Ra2 {[%emt 0:00:10] BEVAL 0 (Rb2-g2) (=49)} 51. Rc8 {[%emt 0:01:38] BEVAL 400 (Rc5-c7) (=18)} Kd7 {[%emt 0:00:09] BEVAL 400 (Ke7-f6) (=57)} 52. Rg8 {[%emt 0:01:01] BEVAL} Kc7 {[%emt 0:00:20] BEVAL 400 (h3-h2) (=66)} 53. Rxg7+ {[%emt 0:00:03] BEVAL} Kb8 {[%emt 0:00:04] BEVAL} 54. Re7 $2 {[%emt 0:00:51] RELBLUND 400 (Rg7-b7) (=26)} (54. Rb7+ Ka8 55. Re7 Rg2+ 56. Kh1) 54... Rg2+ {[%emt 0:00:13] CPLX 3.3} 55. Kh1 {[%emt 0:00:09] CPLX 3.3 8 (Kg1-f1) (=26)} Rb2 {[%emt 0:00:07] CPLX 3.2} 56. Rxe6 {[%emt 0:01:22] White threatens b6 and mate. DEEPSTRONG} Rxb5 {[%emt 0:00:04] CPLX 2.9} 57. Re3 $2 {[%emt 0:00:38] MISS-Kh1-h2 225 (Kh1-h2) (=30)} ({White should play} 57. Kh2 $18 Rf5 58. Re4) 57... Rb1+ $1 $11 {[%emt 0:00:37] DEEPSTRONG=>BLUNDERREACT. The position is equal.} 58. Kh2 {[%emt 0:00:29] EASY} Rf1 {[%emt 0:00:04] Prevents Rf3. CPLX 2.5} 59. Re8+ {[%emt 0:00:48] CPLX 2.6 0 (a6-a7) (=28)} Ka7 {[%emt 0:00:09] EASY} 60. Re4 {[%emt 0:00:05] CPLX 2.6 0 (Re8-f8) (=28)} Rf3 {[%emt 0:00:15] BESTDEEP} 61. Ra4 Kb8 62. a7+ Ka8 63. Kg1 Rg3+ 64. Kh1 Rg2 65. f5 {[%emt 0:01:14] Intending Rf4 and mate.} Rf2 {[%emt 0:00:07] Prevents Rf4.} 66. Ra5 h2 {[%emt 0:00:05] Blacks defense is rewarded with a draw.  Weighted Error Value: White=0.32/Black=0.28 (precise)} 1/2-1/2

[Event "ESP-chT Honor Division 2022"]
[Site "Linares"]
[Date "2022.09.19"]
[Round "3.2"]
[White "Alekseenko, Kirill"]
[Black "Gukesh D"]
[Result "1/2-1/2"]
[ECO "B30"]
[WhiteElo "2707"]
[BlackElo "2726"]
[Annotator "TA"]
[PlyCount "59"]
[EventDate "2022.09.17"]
[EventType "team-tourn"]
[EventCountry "ESP"]
[SourceTitle "playchess.com"]
[Source "ChessBase"]
[SourceQuality "1"]
[TimeControl "5400+30"]

1. e4 c5 2. Nf3 Nc6 3. Bb5 e6 4. Bxc6 bxc6 5. d3 Qc7 {CPLX 2.2 13 (Ng8-e7) (=13)} 6. Nc3 {B30: Sicilian: 2...Nc6 3 Bb5, lines without ...g6.} Ne7 {[#] CPLX 2.1} 7. Nh4 $146 {CPLX 2.1 7 (b2-b3) (=4)} ({Predecessor:} 7. e5 Ng6 8. Qe2 f6 9. exf6 gxf6 10. g3 d5 11. Nh4 Nxh4 12. gxh4 Rg8 13. Bd2 e5 {0-1 (52) De Groote,E (2251)-Domont,A (2328) Biel 2010}) 7... Ng6 {CPLX 2.1 18 (d7-d5) (=10)} 8. Nxg6 {CPLX 2.5. The position is equal.} hxg6 {RECAPT} 9. f4 {CPLX 2.2 34 (h2-h3) (=10)} g5 {CPLX 2.1 14 (d7-d5) (=9)} 10. O-O {CPLX 2.4 9 (f4xg5) (=10)} gxf4 {BESTDEEP} 11. Bxf4 {RECAPT} e5 {BESTDEEP} 12. Be3 {CPLX 2.4} d6 {CPLX 2.3} 13. Ne2 {CPLX 2.4 13 (Qd1-f3) (=8)} Be6 {CPLX 2.3 20 (Qc7-d8) (=7)} 14. Ng3 {CPLX 2.5} g6 {BESTDEEP} 15. Qf3 {CPLX 2.5 33 (Be3-g5) (=10)} Be7 {CPLX 2.7} 16. c3 {BESTDEEP} O-O-O {[%cal Be8c8,Bc8b7,Bb7a8][%mdl 32] CPLX 2.8 0 (d6-d5) (=5)} 17. d4 {CPLX 2.7 11 (b2-b4) (=9)} Rdf8 {RELBLUND 53 (c5xd4) (=9)} (17... cxd4 $15 18. cxd4 d5 19. dxe5 d4) 18. dxe5 {CPLX 3.0 19 (Qf3-e2) (=10)} dxe5 {Threatens to win with ...f5. RECAPT} 19. Qe2 {[%cal Ob2b4] CPLX 2.7 36 (b2-b4) (=12)} Kb7 {White must now prevent ...f5. CPLX 3.6 29 (c5-c4) (=10)} 20. Qc2 $1 {DEEPSTRONG} Ka8 {CPLX 2.7 38 (c5-c4) (=12)} 21. Rf2 {RELBLUND 54 (c3-c4) (=14)} (21. c4 $1 $11) 21... Rh4 {CPLX 2.7 54 (Qc7-c8) (=14)} ({Black should try} 21... Qc8 $15 22. Raf1 c4) 22. Raf1 {CPLX 2.7 29 (c3-c4) (=14)} Qc8 {RELBLUND 64 (c5-c4) (=17)} (22... Bxa2 $2 23. b3 $18) (22... c4 $11) 23. c4 $14 {CPLX 2.8} Rh7 {BESTDEEP} 24. h3 {[%cal Og3f5] CPLX 2.7} f6 {CPLX 2.5 5 (Rf8-g8) (=15)} 25. b3 {CPLX 2.4} Rhf7 {CPLX 2.4 10 (Qc8-d7) (=15)} 26. Bh6 {BESTDEEP} Rh8 {CPLX 2.6 9 (Rf8-d8) (=15)} 27. Be3 {CPLX 2.7 59 (Bh6-c1) (=14)} Rhf8 $1 {DEEPSTRONG} 28. Bh6 {CPLX 2.3 57 (Qc2-b2) (=16)} Rh8 {RELBLUND} 29. Be3 {CPLX 2.7 58 (Bh6-c1) (=17)} Rhf8 $1 {DEEPSTRONG} 30. Bh6 {Weighted Error Value: White=0.18 (very precise) /Black=0.15 (very precise)} 1/2-1/2

[Event "ESP-chT Honor Division 2022"]
[Site "Linares"]
[Date "2022.09.19"]
[Round "3.3"]
[White "Santos Ruiz, Miguel"]
[Black "Korobov, Anton"]
[Result "1/2-1/2"]
[ECO "B92"]
[WhiteElo "2581"]
[BlackElo "2671"]
[Annotator "TA"]
[PlyCount "139"]
[EventDate "2022.09.17"]
[EventType "team-tourn"]
[EventCountry "ESP"]
[SourceTitle "playchess.com"]
[Source "ChessBase"]
[SourceQuality "1"]
[TimeControl "5400+30"]

1. e4 c5 2. Nf3 d6 3. d4 cxd4 4. Nxd4 Nf6 5. Nc3 a6 6. Be2 e5 7. Nb3 Be7 8. Be3 Be6 9. O-O O-O 10. Bf3 {[%emt 0:00:03] 10.Re1 is the modern continuation.} Nbd7 11. a4 {[%emt 0:00:15] CPLX 2.3} Rc8 {[%emt 0:00:52][%cal Ba8c8,Bc8c4,Bc4b4,Bb4b5][%mdl 32] CPLX 2.4. B92: Sicilian Najdorf: 6 Be2.} 12. a5 {[%emt 0:02:05] CPLX 2.4} Rc4 {[%emt 0:05:59] CPLX 2.5 4 (Rc8-c6) (=2)} 13. Nd2 {[%emt 0:18:37] CPLX 2.4} Rb4 {[%emt 0:04:27] [#] CPLX 2.7} 14. Qc1 $146 {[%emt 0:00:43] CPLX 2.4 28 (Qd1-b1) (=7)} ({Predecessor:} 14. b3 Qc7 15. Ndb1 Rc8 16. Ra2 h6 17. Nd5 Bxd5 18. exd5 Rb5 19. c4 Rxa5 20. Na3 {½-½ (39) Willmann,B (2277)-Susla,V (2330) LSS email 2018}) 14... Qc7 {[%emt 0:10:20] BESTDEEP} 15. Nd5 {[%emt 0:22:34] CPLX 2.4 11 (Ra1-a3) (=8)} Bxd5 {[%emt 0:01:33] CPLX 3.8} 16. exd5 {[%emt 0:00:14] Hoping for c4. RECAPT} Rb5 {[%emt 0:00:55][%csl LRa5,LRd5] CPLX 2.5} 17. b4 {[%emt 0:00:05] BESTDEEP} e4 {[%emt 0:09:39] CPLX 2.6 41 (Rb5xb4) (=6)} 18. c4 {[%emt 0:08:26] CPLX 2.8 10 (Bf3-e2) (=6)} Rxb4 {[%emt 0:00:40] EASY} 19. Bd1 {[%emt 0:07:12] BESTDEEP} (19. Qa3 {is more complex.} Rxc4 20. Nxc4 Qxc4 21. Rac1) 19... b6 {[%emt 0:11:09] RELBLUND 79 (Rf8-b8) (=14)} (19... Rb8 $11) 20. axb6 $16 {[%emt 0:01:13][%mdl 64] [#] Discovered Attack. CPLX 2.8} Rxb6 {[%emt 0:03:33] RECAPT} ({Not} 20... Nxb6 21. Qa3 a5 22. Qxa5 $16) 21. Bxb6 {[%emt 0:00:16] RECAPT} Qxb6 {[%emt 0:00:05] RECAPT} 22. Qa3 {[%emt 0:12:06] CPLX 3.1 43 (Ra1-b1) (=8)} Qd4 {[%emt 0:12:17] CPLX 3.3} 23. Ra2 {[%emt 0:00:44] CPLX 3.6} Nc5 {[%emt 0:00:57] CPLX 3.4} 24. Nb3 {[%emt 0:00:47] CPLX 3.5 6 (Qa3-b2) (=7)} Qxc4 {[%emt 0:02:16] EASY} 25. Nxc5 {[%emt 0:00:21] EASY} dxc5 {[%emt 0:00:06] RECAPT} 26. Be2 {[%emt 0:07:20] CPLX 3.5 8 (Bd1-b3) (=7)} Qxd5 {[%emt 0:01:13] CPLX 3.7} 27. Qxa6 {[%emt 0:00:11] BESTDEEP} Qe5 {[%emt 0:02:43] CPLX 3.1 13 (g7-g6) (=8)} 28. Qb7 {[%emt 0:03:26][%mdl 1024] White has compensation. CPLX 3.0 7 (Qa6-c4) (=6)} h5 {[%emt 0:08:26] CPLX 3.1 4 (e4-e3) (=8)} 29. Ra7 {[%emt 0:00:46] CPLX 3.2 9 (g2-g3) (=6)} (29. g3 $5 ) 29... Bd6 {[%emt 0:02:24][%csl Gd6][%cal Re5h2] CPLX 3.2} 30. g3 {[%emt 0:00:05] Active counter play! EASY} Qe6 {[%emt 0:01:20] [#] Inhibits Bc4. CPLX 3.4 57 (h5-h4) (=10)} (30... h4 $14) 31. Rd1 {[%emt 0:04:09] CPLX 3.4 92 (Rf1-c1) (=10)} (31. Rc1 $1 $16) 31... e3 {[%emt 0:01:10] CPLX 3.5 32 (Bd6-e5) (=11)} 32. f4 {[%emt 0:01:25] CPLX 3.9 32 (f2-f3) (=11)} Ne4 {[%emt 0:01:56][%cal Oh5h4] BESTDEEP. The position is equal.} 33. Qd5 {[%emt 0:00:59] CPLX 4.4 0 (Rd1-c1) (=11)} Qxd5 {[%emt 0:01:40] CPLX 4.3} 34. Rxd5 {[%emt 0:00:03] aiming for Bd3. RECAPT} Nc3 $1 {[%emt 0:00:06][%csl LRd5,LRe2] DEEPSTRONG} 35. Rxd6 {[%emt 0:00:20] EASY} Nxe2+ $11 {[%emt 0:00:06][%mdl 4096] Endgame KRR-KRN. EASY} 36. Kf1 {[%emt 0:01:32] CPLX 2.8 0 (Kg1-g2) (=9)} Nd4 {[%emt 0:00:28] ...Rb8 is the strong threat. EASY} 37. Rad7 {[%emt 0:00:39] CPLX 3.0 14 (Rd6-d7) (=10)} Re8 {[%emt 0:03:56] CPLX 3.0} 38. Rxd4 {[%emt 0:01:25] BESTDEEP} cxd4 {[%emt 0:00:19] RECAPT} 39. Rxd4 {[%emt 0:00:03] KR-KR. RECAPT} e2+ {[%emt 0:00:15] CPLX 2.0 0 (Re8-c8) (=8)} 40. Ke1 {[%emt 0:00:03] EASY} h4 {[%emt 0:00:06] BESTDEEP} 41. Rd2 {[%emt 0:00:43] BESTDEEP} hxg3 {[%emt 0:00:21] CPLX 2.9} 42. hxg3 {[%emt 0:00:02] RECAPT} Re3 {[%emt 0:00:08] CPLX 2.6} 43. Rxe2 {[%emt 0:00:03] BESTDEEP} Rxg3 {[%emt 0:00:06] CPLX 2.0} 44. Kf2 {[%emt 0:00:02] EASY} Ra3 {[%emt 0:00:10] CPLX 2.0} 45. Re7 {[%emt 0:00:15] CPLX 2.0 0 (Re2-e8) (=7)} g6 {[%emt 0:01:23] CPLX 2.0} 46. Rb7 {[%emt 0:00:14] CPLX 2.0 0 (Re7-d7) (=7)} Kg7 {[%emt 0:00:19] CPLX 2.0 0 (Ra3-a2) (=6)} 47. Rb6 {[%emt 0:00:16] CPLX 2.0 0 (Rb7-b4) (=7)} Kf8 {[%emt 0:03:01] CPLX 2.0 6 (Ra3-a4) (=6)} 48. f5 {[%emt 0:02:54] BESTDEEP} gxf5 {[%emt 0:04:44] BESTDEEP} 49. Rb5 {[%emt 0:00:07] CPLX 2.0} f4 {[%emt 0:00:07] CPLX 2.0 0 (Kf8-g7) (=6)} 50. Rb4 {[%emt 0:00:13] CPLX 2.0} f3 {[%emt 0:00:05] CPLX 2.0 1 (Kf8-e7) (=6)} 51. Rb8+ {[%emt 0:00:16] CPLX 2.0 1 (Rb4-f4) (=6)} Kg7 {[%emt 0:00:33] CPLX 2.0} 52. Rb6 {[%emt 0:00:04] CPLX 2.0} f6 {[%emt 0:00:10] CPLX 2.0 0 (Ra3-d3) (=6)} 53. Rb4 {[%emt 0:00:16] CPLX 2.0 0 (Rb6-b5) (=6)} Kg6 {[%emt 0:00:21] CPLX 2.0 0 (f6-f5) (=6)} 54. Rg4+ {[%emt 0:00:15] CPLX 2.0 0 (Rb4-b6) (=6)} Kf5 {[%emt 0:00:15] CPLX 2.0 0 (Kg6-f7) (=5)} 55. Rb4 {[%emt 0:00:02] CPLX 2.2} Kg5 {[%emt 0:00:18] CPLX 2.0 0 (Ra3-d3) (=5)} 56. Kg3 {[%emt 0:00:06] BESTDEEP} f5 {[%emt 0:00:37] CPLX 2.0 0 (Ra3-e3) (=5)} 57. Rb6 $1 {[%emt 0:00:26] DEEPSTRONG} f2+ {[%emt 0:00:55] CPLX 2.1 0 (Ra3-e3) (=5)} 58. Kxf2 {[%emt 0:00:04] CPLX 2.7} (58. Kg2 {seems wilder.} Rf3 59. Kf1 Kg4 60. Rg6+) 58... Kg4 {[%emt 0:00:05] CPLX 2.0 0 (Ra3-a2) (=5)} 59. Rb4+ {[%emt 0:01:11] BESTDEEP} f4 {[%emt 0:00:08] And now ...Ra2+ would win. EASY} 60. Rb2 {[%emt 0:00:03] Inhibits Ra2. CPLX 2.0} Rh3 {[%emt 0:00:36] CPLX 2.0 0 (Ra3-a1) (=5)} 61. Rb8 Rh2+ 62. Kg1 Re2 63. Kf1 Kf3 64. Rb3+ Re3 65. Rb2 Ra3 66. Rf2+ Kg3 67. Rg2+ Kh3 {[%emt 0:00:07] ( -> ...Ra1+)} 68. Rg8 Rg3 69. Rh8+ Kg4 70. Kf2 {[%emt 0:00:32] Weighted Error Value: White=0.07 (flawless) /Black=0.07 (flawless)} 1/2-1/2